 Dungeon Crawl Stone Soup version 0.31.0-9-g3a7656b989 (console) character file.

Game seed: 14345795651012815170

286 AlterAsc the Chopper (level 6, -11/45 (47) HPs)
             Began as a Formicid Fighter on Jan 30, 2024.
             Killed from afar by a laughing skull (13 damage)
             ... with a bolt of negative energy
             ... on level 2 of the Abyss.
             The game lasted 00:04:09 (2154 turns).

AlterAsc the Chopper (Formicid Fighter)             Turns: 2154, Time: 00:04:10

HP:   -11/45 (47)   AC:  8    Str: 22    XL:     6   Next: 56%
MP:   6/6           EV:  9    Int:  8    God:
Gold: 110           SH:  5    Dex: 13    Spells: 5/5 levels left

rFire   + . .        a - +0 war axe
rCold   + . .        c - +0 buckler
rNeg    . . .        b - +0 scale mail
rPois   .            (helmet unavailable)
rElec   .            m - scarf {rC+ rF+}
rCorr   .            (no gloves)
SInv    +            o - +0 pair of boots
Will    .....        (no amulet) Stlth
                     (no ring)
HPRegen 0.27/turn    (no ring)
MPRegen 0.10/turn

%: no passive effects
@: mighty, lightly drained
A: permanent stasis, dig shafts and tunnels, antennae 3, four strong arms
a: Dig, Shaft Self


You were on level 2 of the Abyss.
You visited 1 branch of the dungeon, and saw 4 of its levels.
You visited the Abyss 1 time.

You collected 110 gold pieces.

Inventory:

Hand Weapons
 a - a +0 war axe (weapon)
Missiles
 p - 2 poisoned darts
Armour
 b - a +0 scale mail (worn)
 c - a +0 buckler (worn)
 h - a +0 cloak
 m - a scarf of resistance (worn)
 o - a +0 pair of boots (worn)
Jewellery
 f - a ring of protection from cold
 q - a ring of ice
Scrolls
 e - a scroll of identify {unknown}
 g - a scroll of vulnerability {unknown}
 k - a scroll of torment {unknown}
 l - a scroll of immolation {unknown}
 r - a scroll of enchant armour {unknown}
 s - a scroll of revelation {unknown}
Potions
 i - a potion of attraction {unknown}
 j - 2 potions of enlightenment {unknown}
 n - 2 potions of brilliance {unknown}


   Skills:
 - Level 3.2 Fighting
 + Level 6.4 Axes
 - Level 3.2 Armour
 - Level 4.0 Shields


You had 5 spell levels left.
You didn't know any spells.
Your spell library contained the following spells:

 Spells                   Type           Power      Damage    Failure   Level
 Sandblast                Erth           0%         2d4       80%         1
 Slow                     Hex            0%         N/A       80%         1
 Lesser Beckoning         Tloc           0%         N/A       91%         2
 Momentum Strike          Conj/Tloc      0%         3d8       91%         2
 Confusing Touch          Hex            0%         N/A       99%         3
 Passwall                 Erth           0%         N/A       99%         3
 Sigil of Binding         Hex            0%         N/A       99%         3
 Stone Arrow              Conj/Erth      0%         3d7       99%         3
 Vampiric Draining        Necr           0%         2d6       99%         3
 Brom's Barrelling Bould  Conj/Erth      0%         2d3       100%        4
 Blink                    Tloc           Unusable   N/A       N/A         2

Dungeon Overview and Level Annotations

Branches:
Dungeon (4/15)
 Temple: D:4-7

Altars:

Shops:
D:1 *   D:2 *   D:3 *


Innate Abilities, Weirdness & Mutations

You cannot be hasted, slowed, berserked, paralysed or teleported.
You can dig through walls and to a lower floor.
You have a pair of large antennae on your head. (SInv)
Your four strong arms can wield two-handed weapons with a shield.


Message History

The ball python loses its grip on you.
The orc priest hits you with a +1 hand axe of distortion.
Space warps horribly around you!
* * * LOW HITPOINT WARNING * * *
The orc priest calls upon Beogh to heal the orc priest.
The orc priest is healed somewhat.
You feel very mighty all of a sudden. The adder barely misses you.
The orc priest hits you with a +1 hand axe of distortion.
* * * LOW HITPOINT WARNING * * *
You are cast into the Abyss!
This branch contains the abyssal rune of Zot.
Beware, you cannot shaft yourself on this level.
Found a gateway leading deeper into the Abyss.
Press: ? - help, v - describe, . - travel A gateway leading deeper into the Abyss.
Okay, then.
Found a gateway leading deeper into the Abyss.
The hell hound barks!
The hell hound attacks as it pursues you!
The hell hound bites you!
* * * LOW HITPOINT WARNING * * *
The hell hound bites you but does no damage.
A quasit comes into view.
A laughing skull comes into view.
The hell hound attacks as it pursues you!
The hell hound bites you.
* * * LOW HITPOINT WARNING * * *
Okay, then.
You extend your mandibles.
Unknown command.
You retract your mandibles.
The quasit gives a chilling moan.
The hell hound attacks as it pursues you!
The hell hound closely misses you.
The hell hound bites you but does no damage.
The hell hound barely misses you.
The laughing skull gibbers with scorn.
The bolt of negative energy hits you!
You feel drained.
You die...
The laughing skull crumbles to pieces from sheer joy.

... . .. .....
#......# .. ยง.
##......##.....
....................
....................
... ................
....................
.... ......Z........
....................
##......##......#
#......##h.@...#
....................
....................
.........z..........
.............5......
...................
....................
##......##......##..
#...... ......#


You could see a hell hound, a laughing skull, a quasit and an iron giant
skeleton.

Vanquished Creatures
  A phantom (D:3)
  A jelly (D:3)
  An orc wizard (D:4)
  11 adders
  A ribbon worm (D:2)
  A dart slug (D:3)
  2 orcs (D:3)
  A ball python (D:1)
  9 endoplasms
  2 giant cockroaches
  A hobgoblin (D:2)
  7 kobolds
  A quokka (D:2)
  9 bats
  6 frilled lizards
  3 goblins
  A rat (D:3)
58 creatures vanquished.

Notes
Turn   | Place    | Note
-------+----------+-------------------------------------------
     0 | D:1      | AlterAsc the Formicid Fighter began the quest for the Orb.
     0 | D:1      | Reached XP level 1. HP: 18/18 MP: 1/1
   242 | D:1      | Reached XP level 2. HP: 24/24 MP: 2/2
   366 | D:1      | Found Sufrest's Assorted Antiques.
   649 | D:2      | Reached skill level 3 in Axes
   659 | D:2      | Reached XP level 3. HP: 27/29 MP: 3/3
   778 | D:2      | Reached skill level 4 in Axes
   778 | D:2      | Reached XP level 4. HP: 33/35 MP: 4/4
  1035 | D:2      | Found Zoso's Assorted Antiques.
  1049 | D:2      | Reached XP level 5. HP: 33/41 MP: 5/5
  1339 | D:3      | Reached skill level 5 in Axes
  1598 | D:3      | Noticed a phantom
  1599 | D:3      | Found Qairphir's General Store.
  1612 | D:3      | Killed a phantom
  1613 | D:3      | Reached skill level 6 in Axes
  1613 | D:3      | Reached XP level 6. HP: 32/47 MP: 6/6
  2117 | Abyss:2  | Cast into level 2 of the Abyss (orc priest)
  2146 | Abyss:2  | Noticed a hell hound
  2150 | Abyss:2  | Noticed a laughing skull
  2150 | Abyss:2  | HP: 1/47 [hell hound (5)]
  2154 | Abyss:2  | Killed from afar by a laughing skull

Illustrated notes

Levels and vault maps discovered:
D:1:      ncdulo_watergridlock, layout_loops_ring, serial_shops,
          nicolae_shop_hallway_plus
D:2:      layout_rooms, serial_shops, nicolae_shop_advertising_works
          [nicolae_subvault_shop_adworks]
D:3:      layout_basic, serial_shops, shop, grunt_ministairs_15
D:4:      layout_layer_cave, minmay_temple_entry_wispy,
          chequers_ossuary_entry_cave
Abyss:2:  base:
Ossuary

Skill      XL: |  1  2  3  4  5 |
---------------+----------------+-----
Axes           | 3 4 6 |  6.4
Fighting       | |  3.2
Armour         | |  3.2
Shields        | |  4.0

Action                     |  1- 3 |  4- 6 || total
---------------------------+-------+-------++-------
  Melee: War axe           |    77 |   111 ||   188
Ability: Dig               |       |     1 ||     1
    Use: Potion            |       |     1 ||     1
 Armour: Scale mail        |    47 |    70 ||   117
  Dodge: Dodged            |    40 |    61 ||   101
  Block: Buckler           |    25 |    30 ||    55
